Unix NetHack Version 3.7.0-101 Work-in-progress - last build Mar 25 2024 11:18:41 (462964f8eaac915e699fc3a71b43428251fec12b,branch:master). Game began 2024-03-27 18:38:20, ended 2024-03-27 18:51:14. tromix, lawful male human Priest ---------------------------------# ##................................|# # |.{.....--------|------....----.|## # |.......+ |..|[@@-(...| |.|# #### |.......| |..|!m.|.---| |.|# # |.-----.---- ---|?(.|.|..| |.|# # |.|!%.-....---+- |----.|..-+--.|# ## |.|%(.|........| |..-..-|--....|# ## |.-----..-----.--+|..|..........|# ## |........|. |....|----..-|...{.|# ## |..-|---.|...-....|...|.|..|....|# ------ # |..|...|.--------.|.....|..|-|-.|## +....| #### |..|(((|..|..|..|.-._.|.|..|..|.|# ## |....| # |..|(((|..|).|..-.|...|..--|..|.|######....<| ---- # |..-----..--|----.-----.. ----.|##### |....| |... ## |...............)...............|## +....| |..... ##---------------------------------## ------ |.......########################################## # ------- Tromix the Adept St:13 Dx:10 Co:12 In:12 Wi:18 Ch:10 Lawful Dlvl:6 $:60 HP:0(43) Pw:59(59) AC:6 Xp:6 T:2276 Latest messages: This door is locked. This door is locked. This door is locked. The rock mole bites! You miss the rock mole. You hear someone praising Brigit. You miss the rock mole. You miss the rock mole. You hit the rock mole. You miss the rock mole. You miss the rock mole. You hit the rock mole! You miss the rock mole. You miss the rock mole. You miss the rock mole. The rock mole bites! You miss the rock mole. The rock mole bites! You miss the rock mole. You kill the rock mole! There is a doorway here. You see here 2 slime molds. L - 2 slime molds. The door resists! The door opens. "Hello, tromix! Welcome to Possogroenoe's general store!" "Will you please leave your pick-axe outside?" What do you want to drop? [$a-qs-uw-zA-L or ?*] q You drop a pick-axe. "Hello, tromix! Welcome again to Possogroenoe's general store!" Wait! That's a large mimic! You cannot escape from the large mimic! The large mimic hits! You hit the large mimic. The large mimic hits! You hit the large mimic. The large mimic hits! You hit the large mimic. The large mimic hits! You hit the large mimic. You hit the large mimic. You hit the large mimic. You hit the large mimic. The large mimic hits! You miss the large mimic. You miss the large mimic. The large mimic hits! You die... Possogroenoe gratefully inherits all your possessions. Do you want to see what you had when you died? [ynq] (y) q Inventory: Coins $ - 60 gold pieces Amulets K - a cursed amulet of strangulation Weapons w - 23 +0 darts z - a blessed +1 mace (weapon in right hand) Armor n - a +0 pair of leather gloves (being worn) y - a +0 pair of iron shoes c - a blessed +0 small shield (being worn) b - a +0 robe (being worn) Comestibles L - 2 slime molds e - a clove of garlic J - a fortune cookie f - a sprig of wolfsbane Scrolls A - a scroll of create monster G - a cursed scroll of enchant armor E - a scroll of enchant weapon l - a scroll of identify t - a blessed scroll of light u - a cursed scroll of magic mapping Spellbooks h - a spellbook of create monster g - a spellbook of light Potions k - a potion of gain energy B - a potion of healing d - 4 potions of holy water a - a potion of water Rings i - a ring of slow digestion Wands H - a wand of digging (0:5) p - a wand of make invisible (0:6) o - a wand of make invisible (0:3) Tools s - a magic whistle Gems/Stones F - a black opal D - a chrysoberyl stone x - a jacinth stone C - a worthless piece of green glass I - a worthless piece of orange glass m - 2 worthless pieces of red glass j - a worthless piece of yellowish brown glass Tromix the Priest's attributes: Background: You were an Adept, a level 6 human Priest. You were lawful, nominally on a mission for Lugh who was opposed by Brigit (neutral) and Manannan Mac Lir (chaotic). You were right-handed. You were in the Gnomish Mines, on level 6. You entered the dungeon 2276 turns ago. You had 373 experience points, 267 more were needed to attain level 7. Basics: You had 0 out of 43 hit points. You had all 59 energy points (spell power). Your armor class was 6. Your wallet contained 60 zorkmids. Autopickup was off. Final Characteristics: Your strength was 13 (limit:18/100). Your dexterity was 10 (limit:18). Your constitution was 12 (limit:18). Your intelligence was 12 (limit:18). Your wisdom was 18 (limit:18). Your charisma was 10 (limit:18). Final Status: You were held by a large mimic (southwest). You weren't hungry. You were unencumbered. You were wielding a mace. You had basic skill with mace and could have enhanced that. Final Attributes: You were piously aligned. You were guarded. You are dead. Miscellaneous: You disabled loading of bones levels. Total elapsed playing time was 12 minutes and 53 seconds. Major events: Turn 1: tromix the lawful human Priest entered the dungeon 572: attained the rank of Acolyte (level 3) 947: entered the Gnomish Mines 2051: reached Mine Town 2102: attained the rank of Adept (level 6) 2276: killed by a large mimic Vanquished creatures: a rock mole 4 gnome leaders a gnomish wizard a kitten 2 dwarves a homunculus an orc zombie a wererat a werejackal an iguana an acid blob 4 coyotes a hobbit a large kobold 2 giant rats a cave spider a red mold 24 gnomes a gnome zombie 4 geckos 2 jackals a kobold 2 goblins 5 sewer rats 5 grid bugs a bat 3 lichens a kobold zombie 3 newts 77 creatures vanquished. No species were genocided or became extinct. Voluntary challenges: You were an atheist. You read items or engraved 2 times. You never engraved Elbereth. You never genocided any monsters. You never polymorphed an object. You never changed form. You used no wishes. Achievements: You entered a shop. You attained the rank of Acolyte. You entered the Gnomish Mines. You entered Minetown. You entered a temple. You attained the rank of Adept. The Dungeons of Doom: levels 1 to 4 Level 1: A grave. Level 2: A fountain. Level 3: A fountain. Stairs down to The Gnomish Mines. Level 4: The Gnomish Mines: levels 4 to 6 Level 4: Level 5: Level 6: <- You were here. A general store, a temple and an altar, some fountains. Final resting place for you, killed by a large mimic. Game over: ---------- / \ / REST \ / IN \ / PEACE \ / \ | tromix | | 60 Au | | killed by a | | large mimic | | | | | | 2024 | *| * * * | * _________)/\\_//(\/(/\)/\//\/|_)_______ Goodbye tromix the Priest... You died in The Gnomish Mines on dungeon level 6 with 1806 points, and 60 pieces of gold, after 2276 moves. You were level 6 with a maximum of 43 hit points when you died.